 Dungeon Crawl Stone Soup version 0.28.0-53-g5a82cb258f (webtiles) character file.

Game seed: 14595169674072291868

52 acdeimund the Ducker (level 3, 0/28 HPs)
             Began as a Merfolk Gladiator on July 29, 2022.
             Slain by an adder (4 damage)
             ... on level 2 of the Dungeon.
             The game lasted 00:02:26 (1436 turns).

acdeimund the Ducker (Merfolk Gladiator)            Turns: 1436, Time: 00:02:27

Health: 0/28       AC:  4    Str: 14    XL:     3   Next: 85%
Magic:  3/3        EV: 14    Int:  7    God:
Gold:   21         SH:  0    Dex: 17    Spells: 2/2 levels left

rFire   . . .      SeeInvis .   a - +0 long sword
rCold   . . .      Faith    .   (no shield)
rNeg    . . .      Spirit   .   b - +0 leather armour
rPois   .          Reflect  .   c - +0 helmet
rElec   .          Harm     .   (no cloak)
rCorr   .          Rampage  .   (no gloves)
Will    .....                   (no boots)
Stlth   +.........              (no amulet)
HPRegen 0.09/turn               (no ring)
MPRegen 0.08/turn               (no ring)

@: lethally poisoned (0 -> -2)
A: (nimble swimmer 2), mertail
a: no special abilities


You were on level 2 of the Dungeon.
You visited 1 branch of the dungeon, and saw 2 of its levels.

You collected 21 gold pieces.

Inventory:

Hand Weapons
 a - a +0 long sword (weapon)
Missiles
 d - 3 throwing nets (quivered)
Armour
 b - a +0 leather armour (worn)
 c - a +0 helmet (worn)
 g - a scarf of harm
Jewellery
 f - a +6 ring of intelligence
 i - a ring of resist corrosion
Scrolls
 e - a scroll of enchant armour {unknown}
 h - a scroll of amnesia {unknown}
 k - 2 scrolls of identify {unknown}
Potions
 j - a potion of heal wounds {unknown}


   Skills:
 + Level 2.9 Fighting
 * Level 4.3 Long Blades
 - Level 2.0 Throwing
 + Level 4.6 Dodging


You had 2 spell levels left.
You didn't know any spells.
Your spell library was empty.

Dungeon Overview and Level Annotations

Branches:
Dungeon (2/15)

Altars:


Innate Abilities, Weirdness & Mutations

((You are very nimble when in or above water. (Stealth+, EV+, Speed+++)))
Your lower body shifts to a powerful aquatic tail in water.


Message History

k - a scroll labelled DEWIHA BOJYI
k - 2 scrolls labelled DEWIHA BOJYI (gained 1)
You open the door.
A dart slug comes into view.
Found a stone staircase leading up.
You slash the dart slug!
The dart slug is severely wounded.
The dart slug misses you.
You slash the dart slug!
You kill the dart slug!
No target in view!
No target in view!
No target in view!
No target in view!
No target in view!
A rat comes into view.
An adder comes into view.
You barely miss the adder. The adder completely misses you.
You closely miss the adder. The adder bites you but does no damage.
The rat closely misses you. The adder bites you.
You are poisoned.
The adder poisons you!
You barely miss the adder.
You feel sick. The rat bites you. The adder bites you.
You are more poisoned.
The adder poisons you!
You closely miss the adder.
You feel sick. The adder bites you but does no damage.
The rat bites you but does no damage. The adder barely misses you.
The rat bites you but does no damage.
You barely miss the adder.
You feel sick. The adder bites you. The rat bites you. The adder bites you.
You are too injured to fight recklessly!
You are too injured to fight recklessly!
You are too injured to fight recklessly!
You are too injured to fight recklessly!
You feel sick. The rat bites you.
* * * LOW HITPOINT WARNING * * *
You feel sick.
You feel sick. The adder bites you.
You die...

#......#.#. ..
#.....#.#.# ..#
#....##.#.# . ..#
#...###.#.# #.
##.# ######..##
##.## #.. ..#
#......## #+#
##..###.#
#.....##
........###.....#
.......rS@......#
........###.....#
........# #.....#
........# #.<...#
........# #######
........#
...^....#
.........
#########


You could see an adder and a rat.

Vanquished Creatures
  An adder (D:2)
  3 dart slugs
  5 ball pythons
  6 bats
  6 endoplasms
  A giant cockroach (D:1)
  2 goblins
  2 hobgoblins (D:1)
  3 quokkas
  A frilled lizard (D:2)
  A kobold (D:1)
  3 rats (D:1)
34 creatures vanquished.

Notes
Turn   | Place    | Note
-------+----------+-------------------------------------------
     0 | D:1      | acdeimund the Merfolk Gladiator began the quest for the
                  | Orb.
     0 | D:1      | Reached XP level 1. HP: 16/16 MP: 1/1
   190 | D:1      | Reached XP level 2. HP: 23/23 MP: 2/2
   667 | D:1      | Reached XP level 3. HP: 27/28 MP: 3/3
  1436 | D:2      | Slain by an adder

Illustrated notes

Levels and vault maps discovered:
D:1:      dpeg_arrival_round_a, layout_loops_ring
D:2:      layout_basic, wad_orctagon

Skill      XL: |  1  2 |
---------------+-------+-----
Long Blades    | 4 |  4.3
Fighting       | |  2.9
Throwing       | |  2.0
Dodging        | |  4.6

Action                   || total
-------------------------++-------
Melee: Long sword        ||    79
       Punch             ||     1
 Stab: Sleeping          ||     7
Armor: Leather armour    ||    20
Dodge: Dodged            ||    55
